AoeStats
← Ronny

Arabia

508524213Analyzed
2v2 RM · 9d ago on Sep 22, 2026· 40m 28s· 4 players
Game mode
Random Map
Map size
Medium (4 player)
Population
200
Speed
Normal
Resources
Standard
Victory
Conquest
Starting age
Dark Age
Ending age
Imperial Age
RankedLock teamsTeams togetherTeam positionsShared explorationLock speedFull tech treeHidden civsTurbo modeCheats
Victory
Defeat
🇧🇷 Magyars · Brazil
1225
+14
🇧🇷 Koreans · Brazil
1201
+15
🇪🇸 Spanish · Spain
1224
-17
🇨🇴 Ethiopians · Colombia
1131
-12
jaiderreyes4
6:08 Loom
8:33 Feudal Age
9:24 Double-Bit Axe
21:23 Castle Age
20:32 Scale Barding Armor
21:47 Forging
23:14 Chain Barding Armor
27:56 Horse Collar
28:58 Wheelbarrow
32:22 Gold Mining
Ronny
7:17 Loom
11:05 Feudal Age
18:59 Castle Age
18:06 Double-Bit Axe
18:05 Horse Collar
18:46 Stone Mining
31:53 Bow Saw
32:40 Wheelbarrow
32:37 Scale Barding Armor
33:00 Pikeman
35:20 Forging
36:01 Scale Mail Armor
37:16 Gold Mining
38:04 Ballistics
[Fs] PoeiraCósmica
6:02 Loom
8:28 Feudal Age
9:09 Double-Bit Axe
11:23 Horse Collar
15:09 Scale Barding Armor
18:12 Bloodlines
19:11 Wheelbarrow
19:13 Gold Mining
23:00 Castle Age
23:45 Husbandry
23:07 Light Cavalry
25:40 Gold Shaft Mining
27:20 Heavy Plow
27:57 Chain Barding Armor
31:09 Fletching
31:20 Padded Archer Armor
31:36 Elite Skirmisher
34:12 Bodkin Arrow
34:32 Leather Archer Armor
34:29 Town Watch
36:02 Leather Archer Armor
36:19 Stone Mining
37:06 Bow Saw
42:18 Imperial Age
Conquistador
5:04 Loom
10:44 Feudal Age
14:10 Double-Bit Axe
18:26 Horse Collar
22:27 Castle Age
22:05 Fletching
23:49 Wheelbarrow
23:49 Bodkin Arrow
25:50 Gold Mining
Connection lost

Rejoining the realm…

Still unreachable

The connection could not be restored.

Session expired

The server has moved on; the page needs a fresh start.